 Dungeon Crawl Stone Soup version 0.26-a0-652-gafc20e3620 (webtiles) character file.

Game seed: 11117826491362704398

208 jasper the Chopper (level 5, -5/41 HPs)
             Began as a Demonspawn Abyssal Knight on Oct 3, 2020.
             Was a Believer of Lugonu.
             Killed by divine providence
             ... invoked by an orc priest
              (16 damage)
             ... on level 4 of the Dungeon.
             The game lasted 00:03:43 (3549 turns).

jasper the Chopper (Demonspawn Abyssal Knight)      Turns: 3549, Time: 00:03:43

Health: -5/41      AC: 11    Str: 13    XL:     5   Next: 55%
Magic:  6/6        EV: 10    Int: 13    God:    Lugonu [**....]
Gold:   155        SH:  0    Dex: 13    Spells: 2/4 levels left

rFire    . . .     SeeInvis .   a - +1 hand axe
rCold    . . .     Faith    .   (no shield)
rNeg     . . .     Spirit   .   k - +0 scale mail
rPois    .         Reflect  .   f - +0 helmet
rElec    .         Harm     .   (no cloak)
rCorr    .         Rampage  .   (no gloves)
MR       .....                  (no boots)
Stlth    ..........             (no amulet)
HPRegen  0.13/turn              i - +4 ring of protection
MPRegen  0.10/turn              (no ring)

@: lethally poisoned (-5 -> -8)
A: rot immunity, sturdy frame 1
a: Depart the Abyss, Bend Space, Renounce Religion


You were on level 4 of the Dungeon.
You worshipped Lugonu.
Lugonu was pleased with you.
You visited 1 branch of the dungeon, and saw 4 of its levels.
You visited the Abyss 1 time.

You collected 155 gold pieces.

Inventory:

Hand Weapons
 a - a +1 hand axe (weapon)
Missiles
 d - 88 stones
 m - 23 poisoned darts (quivered)
Armour
 b - a +0 leather armour
 f - a +0 helmet (worn)
 k - a +0 scale mail (worn)
Jewellery
 i - a +4 ring of protection (left hand)
 l - a cursed ring of attention {unknown}
Scrolls
 c - 3 scrolls of teleportation {unknown}
 e - 9 scrolls of remove curse {unknown}
 h - a scroll of fog {unknown}
 j - 5 scrolls of identify {unknown}
 n - 2 scrolls of magic mapping {unknown}
 p - a scroll of enchant armour {unknown}
Potions
 g - 2 potions of stabbing
 o - 2 potions of resistance {unknown}
 q - a potion of degeneration {unknown}


   Skills:
 - Level 3.0 Fighting
 + Level 5.3 Axes
 - Level 1.7 Armour
 - Level 0.8 Dodging
 - Level 2.4 Invocations


You had 2 spell levels left.
You knew the following spells:

 Your Spells              Type           Power        Failure   Level
a - Blink                 Tloc           N/A          77%         2

Your spell library contained the following spells:

 Spells                   Type           Power        Failure   Level
 Magic Dart               Conj           #...         63%         1
 Call Imp                 Summ           #.......     77%         2
 Slow                     Hex            #.......     77%         2
 Conjure Flame            Conj/Fire      #.......     94%         3
 Mephitic Cloud           Conj/Pois/Air  #.......     94%         3
 Animate Dead             Necr           #.........   100%        4
 Borgnjor's Vile Clutch   Necr/Erth      #.........   100%        5
 Death Channel            Necr           #.........   100%        6
 Simulacrum               Ice/Necr       #.........   100%        6


Dungeon Overview and Level Annotations

Branches:
Dungeon (4/15)
 Temple: D:4-7

Altars:
Elyvilon
The Shining One


Innate Abilities, Weirdness & Mutations

You are immune to rotting.
Your movements are slightly less encumbered by armour. (ER -2)


Message History

You hit the orc.
You kill the orc!
Lugonu accepts your kill.
You feel sick. The worker ant closely misses you.
You closely miss the worker ant.
The worker ant is almost dead.
You hit the orc.
You feel sick.
The orc priest calls upon Beogh to heal the orc.
The orc's wounds heal themselves!
The orc hits you with a +0 flail.
* * * LOW HITPOINT WARNING * * *
The worker ant bites you but does no damage.
The worker ant bites you but does no damage.
The worker ant closely misses you.
Items here: )) [ ††.
You feel sick. The worker ant barely misses you.
The worker ant closely misses you.
You feel sick.
The orc priest mumbles some strange prayers to Beogh against you.
Beogh smites you!
You die...

######
.... #..#
#..# #.@#
#..#
###ao####
#..[....#
#o##.##.#
#. #.# #
#. #.# #o
#.# ..
..=


You could see a worker ant, an orc priest and an orc.

Vanquished Creatures
  A howler monkey (D:4)
  An orc wizard (D:3)
  4 adders
  An ooze (D:2)
  2 worms (D:2)
  2 dart slugs
  4 leopard geckos
  8 orcs
  4 giant cockroaches
  8 goblins
  9 hobgoblins
  7 jackals
  10 bats
  2 frilled lizards
  7 kobolds
  10 rats
80 creatures vanquished.

Notes
Turn   | Place    | Note
-------+----------+-------------------------------------------
     0 | Abyss:1  | jasper the Demonspawn Abyssal Knight began the quest for
                  | the Orb.
     0 | Abyss:1  | Reached XP level 1. HP: 18/18 MP: 2/2
    63 | Abyss:2  | Noticed a starcursed mass
    66 | D:1      | Escaped the Abyss
   223 | D:1      | Reached skill level 2 in Axes
   296 | D:1      | Gained mutation: Your movements are slightly less
                  | encumbered by armour. (ER -2) [demonic ancestry]
   296 | D:1      | Reached XP level 2. HP: 13/24 MP: 3/3
   298 | D:1      | Reached * piety under Lugonu
   882 | D:1      | Reached skill level 3 in Axes
  1004 | D:1      | Reached XP level 3. HP: 25/29 MP: 4/4
  1766 | D:2      | Found a faded altar of an unknown god.
  1809 | D:2      | Reached ** piety under Lugonu
  1882 | D:2      | Reached skill level 4 in Axes
  1882 | D:2      | Gained mutation: You are immune to rotting. [demonic
                  | ancestry]
  1882 | D:2      | Reached XP level 4. HP: 31/35 MP: 5/5
  3021 | D:3      | Learned a level 2 spell: Blink
  3042 | D:3      | Found a white marble altar of Elyvilon.
  3072 | D:3      | Reached XP level 5. HP: 39/41 MP: 6/6
  3314 | D:3      | Found a glowing golden altar of the Shining One.
  3439 | D:3      | Reached skill level 5 in Axes
  3549 | D:4      | Killed from afar by an orc priest

Illustrated notes

Levels and vault maps discovered:
D:1:      psy_arrival_radial02, layout_rooms,
          hangedman_abyss_or_decor_lesser_grid, minmay_tetromino_l4
D:2:      layout_basic, chequers_ecumenical_altar_island
D:3:      layout_loops_ring, nicolae_overflow_hidden_temple,
          nicolae_tso_swordbearing_angel
D:4:      layout_loops_ring, gammafunk_temple_overflow_wave

Skill      XL: |  1  2  3  4  5 |
---------------+----------------+-----
Axes           | 2 3 4 5 |  5.3
Fighting       | |  3.0
Armour         | |  1.7
Dodging        | |  0.8
Invocations    | |  2.4

Action                   |  1- 3 |  4- 6 || total
-------------------------+-------+-------++-------
Melee: Hand axe          |   133 |   130 ||   263
Throw: Stone             |    16 |       ||    16
       Dart              |     9 |     8 ||    17
Invok: Depart the Abyss  |     1 |       ||     1
  Use: Potion            |       |     1 ||     1
Armor: Leather armour    |    53 |       ||    53
       Scale mail        |    34 |    81 ||   115
Dodge: Dodged            |   100 |    91 ||   191

Table legend: (Time is in decaauts)
 A = Elapsed time spent in this place.
 B = Non-inter-level travel time spent in this place.
 C = Inter-level travel time spent in this place.
 D = Time resting spent in this place.
 E = Time spent auto-exploring this place.
 F = Levels seen in this place.
 G = Mean time per level.
                   A        B        C        D        E       F      G
               +--------+--------+--------+--------+--------+-----+--------+
         Total |   3603 |   3434 |    169 |    755 |   2085 |   6 |  600.5 |
       Dungeon |   3538 |   3369 |    169 |    755 |   2030 |   4 |  884.5 |
         Abyss |     65 |     65 |      0 |      0 |     55 |   2 |   32.5 |
               +--------+--------+--------+--------+--------+-----+--------+

Top non-repeatable levels by time:
     D:2: 1603 daAuts
     D:1: 1101 daAuts
     D:3: 806 daAuts
 Abyss:1: 44 daAuts
     D:4: 27 daAuts
 Abyss:2: 21 daAuts
